 Dungeon Crawl Stone Soup version 0.27.1-34-g3ba077fa99 (webtiles) character file.

Game seed: 9112422757356827730

1363 belegose the Chucker (level 8, -8/78 HPs)
             Began as a Troll Warper on Jan 10, 2022.
             Was an Initiate of Ashenzari.
             Mangled by an iguana (9 damage)
             ... in the Ecumenical Temple.
             The game lasted 00:09:29 (3516 turns).

belegose the Chucker (Troll Warper)                 Turns: 3516, Time: 00:09:29

Health: -8/78      AC:  4    Str: 20    XL:     8   Next: 38%
Magic:  8/8        EV:  7    Int: 11    God:    Ashenzari [......]
Gold:   183        SH:  8    Dex:  9    Spells: 7/9 levels left

rFire    . . .     SeeInvis .   b - +1 flail (vorpal)
rCold    . . .     Faith    .   s - +0 kite shield
rNeg     . . .     Spirit   .   t - +0 robe
rPois    .         Reflect  .   (helmet restricted)
rElec    .         Harm     .   (no cloak)
rCorr    .         Rampage  .   (gloves unavailable)
Will     .....                  (boots unavailable)
Stlth    +.........             (no amulet)
HPRegen  1.23/turn              (no ring)
MPRegen  0.11/turn              (no ring)

@: mighty, lethally poisoned (-8 -> -12)
A: large, unfitting armour, claws 3, regeneration 1, shaggy fur 1, tough skin 1
a: Renounce Religion


You were in the Ecumenical Temple.
You worshipped Ashenzari.
Ashenzari was noncommittal.
You visited 2 branches of the dungeon, and saw 6 of its levels.

You collected 183 gold pieces.

Inventory:

Hand Weapons
 a - a +0 short sword of venom
 b - a +1 vorpal flail (weapon)
Missiles
 d - 5 boomerangs of dispersal
 e - 99 stones
 i - 4 boomerangs (quivered)
 n - 7 javelins
 q - 5 large rocks
Armour
 s - a +0 kite shield (worn)
 t - a +0 robe (worn)
Magical Staves
 h - a staff of fire
Scrolls
 c - 2 scrolls of blinking
 f - 2 scrolls of enchant weapon
 g - a scroll of fear
 l - a scroll of silence
 m - a scroll of immolation
 p - 2 scrolls of teleportation
Potions
 j - a potion of ambrosia
 k - a potion of curing
 o - a potion of resistance


   Skills:
 - Level 4.1 Fighting
 + Level 3.6 Short Blades
 - Level 2.1 Maces & Flails
 + Level 4.3 Throwing
 - Level 1.9 Dodging
 + Level 2.4 Shields
 - Level 1.2 Spellcasting
 + Level 4.3 Translocations
 + Level 0.5 Evocations


You had 7 spell levels left.
You knew the following spells:

 Your Spells              Type           Power      Damage    Failure   Level
a - Blink                 Tloc           N/A        N/A       32%         2

Your spell library contained the following spells:

 Spells                   Type           Power      Damage    Failure   Level
 Gell's Gravitas          Tloc           5%         N/A       54%         3
 Lesser Beckoning         Tloc           5%         N/A       54%         3
 Teleport Other           Tloc           10%        N/A       54%         3
 Ignite Poison            Fire/Tmut/Pois 0%         N/A       98%         3
 Manifold Assault         Tloc           10%        N/A       99%         5


Dungeon Overview and Level Annotations

Branches:
Dungeon (5/15)             Temple (1/1) D:5

Altars:
Ashenzari
Cheibriados
Nemelex Xobeh
Trog
Zin
The Shining One


Innate Abilities, Weirdness & Mutations

You are too large for most types of armour.
You have claws for hands.
Your natural rate of healing is unusually fast.
You are covered in fur. (AC +1)
You have tough skin. (AC +1)


Message History

The water moccasin barely misses you. The water moccasin bites you.
The iguana closely misses you.
You closely miss the water moccasin. The water moccasin bites you.
You block the iguana's attack. You block the water moccasin's attack.
Your +0 short sword of venom stops dripping with poison.
b - a +1 vorpal flail (weapon)
The iguana bites you.
You hit the water moccasin.
The water moccasin is moderately wounded.
The water moccasin bites you. x2; You block the iguana's attack.
The water moccasin bites you but does no damage.
You thump the water moccasin!
The water moccasin is severely wounded.
The water moccasin bites you.
You are poisoned.
The water moccasin poisons you! The iguana bites you.
* * * LOW HITPOINT WARNING * * *
The water moccasin bites you.
* * * LOW HITPOINT WARNING * * *
The iguana bites you but does no damage.
You feel very mighty all of a sudden.
You feel very sick. The water moccasin bites you.
* * * LOW HITPOINT WARNING * * *
You are lethally poisoned!
The water moccasin poisons you! You block the iguana's attack.
Unknown command.
You bludgeon the water moccasin!!
You kill the water moccasin!
* * * LOW HITPOINT WARNING * * *
You feel extremely sick. You block the iguana's attack.
Your life force feels restored.
Unknown command.
You barely miss the iguana.
The iguana is severely wounded.
* * * LOW HITPOINT WARNING * * *
You feel very sick. The iguana bites you!
You die...

############
≈≈≈≈.......#
≈≈≈≈..l[...#
.......@...#
....≈......#
._.........#
.....#######
...## ###


You could see an iguana (very poisoned).

Vanquished Creatures
  Grinder (D:4)
  A water moccasin (Temple)
  2 ogres (D:4)
  3 necrophages
  2 scorpions
  A howler monkey (D:4)
  3 orc priests
  A gnoll shaman (D:2)
  2 hounds (D:4)
  An iguana (D:5)
  3 orc wizards
  4 gnolls
  8 adders
  An adder skeleton (D:5)
  4 worms
  2 dart slugs
  10 orcs
  6 endoplasms
  A giant cockroach (D:2)
  9 goblins
  7 hobgoblins
  3 jackals (D:2)
  3 quokkas
  6 ball pythons
  4 bats
  A frilled lizard (D:1)
  8 kobolds
  5 rats
102 creatures vanquished.

Vanquished Creatures (others)
  6 demonic plants (D:2)
  5 fungi (D:2)
  8 plants (D:2)
  2 withered plants (D:2)
21 creatures vanquished.

Grand Total: 123 creatures vanquished

Notes
Turn   | Place    | Note
-------+----------+-------------------------------------------
     0 | D:1      | belegose the Troll Warper began the quest for the Orb.
     0 | D:1      | Reached XP level 1. HP: 19/19 MP: 1/1
   104 | D:1      | Reached skill level 1 in Throwing
   120 | D:1      | Reached XP level 2. HP: 28/28 MP: 2/2
   691 | D:2      | Reached XP level 3. HP: 28/35 MP: 3/3
   766 | D:2      | Found a faded altar of an unknown god.
   778 | D:2      | Reached XP level 4. HP: 42/42 MP: 4/4
   836 | D:2      | Got the Catalogue of the Voyage and Envenoming
  1432 | D:2      | Reached skill level 1 in Short Blades
  1463 | D:3      | Reached XP level 5. HP: 41/50 MP: 5/5
  1534 | D:3      | Found a sparkling altar of Nemelex Xobeh.
  2049 | D:4      | Reached XP level 6. HP: 56/59 MP: 6/6
  2110 | D:4      | Learned a level 2 spell: Blink
  2435 | D:4      | Reached XP level 7. HP: 52/65 MP: 7/7
  2545 | D:4      | Reached skill level 1 in Shields
  2711 | D:5      | Entered Level 5 of the Dungeon
  2822 | D:5      | Identified the +1 chain mail "Sualobirch" {+Blink rElec rF-
                  | Str+8}
  2979 | D:5      | Noticed Grinder
  3092 | D:5      | Paralysed by Grinder for 2 turns
  3135 | D:4      | Paralysed by Grinder for 2 turns
  3148 | D:4      | Paralysed by Grinder for 5 turns
  3157 | D:4      | Killed Grinder
  3158 | D:4      | Reached XP level 8. HP: 78/78 MP: 8/8
  3306 | D:5      | Found a snail-covered altar of Cheibriados.
  3308 | D:5      | Found a broken altar of Ashenzari.
  3308 | D:5      | Found a glowing golden altar of the Shining One.
  3309 | D:5      | Found a glowing silver altar of Zin.
  3316 | D:5      | Became a worshipper of Ashenzari the Shackled
  3479 | D:5      | Found a staircase to the Ecumenical Temple.
  3495 | Temple   | Entered the Ecumenical Temple
  3516 | Temple   | HP: 1/78 [poisoned by a water moccasin]
  3516 | Temple   | Mangled by an iguana

Illustrated notes

Levels and vault maps discovered:
D:1:      heliophobic_arrival_henge, layout_basic
D:2:      layout_rooms, shapermc_ecumenical_altar_gd
D:3:      layout_basic, nemelex_diamond_rough_becter, minivault_26
D:4:      layout_basic
D:5:      layout_gridville, chequers_temple_overflow_statue_of_worship,
          minmay_temple_entry_tees, grunt_tough_drop, uniq_grinder
Temple:   regret_index_temple_waves

Skill      XL: |  1  2  3  4  5  6  7  8 |
---------------+-------------------------+-----
Throwing       | 1 2 3 4 |  4.3
Maces & Flails | 2 |  2.1
Fighting       | 2 3 4 |  4.1
Short Blades   | 1 2 3 |  3.6
Translocations | 3 4 |  4.3
Shields        | 1 2 |  2.4
Dodging        | |  1.9
Spellcasting   | |  1.2
Evocations     | |  0.5

Action                   |  1- 3 |  4- 6 |  7- 9 || total
-------------------------+-------+-------+-------++-------
Melee: Mace              |    62 |       |       ||    62
       Short sword       |    47 |   173 |    89 ||   309
       Flail             |       |       |    26 ||    26
Throw: Boomerang         |       |     3 |    18 ||    21
  Use: Potion            |       |       |     4 ||     4
Armor: Robe              |    32 |    34 |    29 ||    95
       Skin              |       |       |     4 ||     4
Dodge: Dodged            |    54 |    76 |    26 ||   156
Block: Kite shield       |       |     6 |    43 ||    49
